3139 views
Uploaded 2019-12-14 01:53:48
Game version 1.32.0.4
48:31 long 3on3 ladder game on (6)RuinsOfStratholme
Saved by BEARAND
3139 views
Uploaded 2019-12-14 01:53:48
Game version 1.32.0.4
48:31 long 3on3 ladder game on (6)RuinsOfStratholme


177 units @ 25.6k
/ 4k
135 buildings @ 14.4k
/ 7.7k


| Wisp | 38 | 2280 | / | 0 |
| Archer | 11 | 1430 | / | 110 |
| Glaive Thrower | 9 | 1890 | / | 585 |
| Druid of the Talon | 3 | 435 | / | 60 |
| Dryad | 2 | 290 | / | 120 |
| Chimaera | 10 | 3300 | / | 700 |
| total: | 73 | 9625g | / | 1575w |
| Ancient Protector | 12 | 1620 | / | 960 |
| Altar of Elders | 1 | 180 | / | 50 |
| Moon Well | 7 | 1260 | / | 280 |
| Ancient of War | 2 | 300 | / | 120 |
| Hunter's Hall | 1 | 210 | / | 100 |
| Tree of Life | 1 | 340 | / | 185 |
| Ancient of Wonders | 1 | 90 | / | 30 |
| Ancient of Wind | 1 | 150 | / | 140 |
| Ancient of Lore | 1 | 155 | / | 145 |
| Chimaera Roost | 3 | 420 | / | 570 |
| Tree of Ages | 1 | 320 | / | 180 |
| Tree of Eternity | 1 | 330 | / | 200 |
| total: | 30 | 4725g | / | 2580w |
| 0:02 | Wisp |
| 0:08 | Altar of Elders |
| 0:09 | Wisp |
| 0:27 | Moon Well |
| 0:29 | Wisp |
| 0:45 | Wisp |
| 0:49 | Ancient of War |
| 0:58 | Wisp |
| 1:19 | Wisp |
| 1:37 | Wisp |
| 1:45 | Moon Well |
| 1:48 | Wisp |
| 1:50 | Archer |
| 2:11 | Ancient of War |
| 2:20 | Archer |
| 2:26 | Shadow Strike |
| 2:33 | Archer |
| 2:55 | Archer |
| 2:59 | Moon Well |
| 3:28 | Archer |
| 3:49 | Tree of Ages |
| 3:56 | Moon Well |
| 4:22 | Hunter's Hall |
| 4:32 | Archer |
| 5:16 | Archer |
| 5:17 | Archer |
| 6:19 | Glaive Thrower |
| 7:06 | Ancient of Wind |
| 7:12 | Glaive Thrower |
| 7:32 | Wisp |
| 7:32 | Wisp |
| 7:33 | Wisp |
| 7:33 | Wisp |
| 8:10 | Improved Bows |
| 8:23 | Wisp |
| 8:23 | Wisp |
| 9:00 | Scout |
| 9:04 | Wisp |
| 9:04 | Wisp |
| 9:12 | Moon Well |
| 9:42 | Moon Well |
| 10:14 | Ancient Protector |
| 11:30 | Archer |
| 11:31 | Archer |
| 11:32 | Druid of the Talon |
| 11:35 | Ancient of Lore |
| 11:48 | Ancient Protector |
| 12:38 | Glaive Thrower |
| 12:50 | Blink |
| 13:04 | Glaive Thrower |
| 13:18 | Druid of the Talon |
| 13:21 | Dryad |
| 14:43 | Glaive Thrower |
| 14:47 | Glaive Thrower |
| 17:09 | Tree of Eternity |
| 19:13 | Ancient Protector |
| 19:21 | Ancient Protector |
| 19:25 | Ancient Protector |
| 19:30 | Ancient Protector |
| 20:17 | Tree of Life |
| 20:30 | Dryad |
| 20:32 | Archer |
| 20:33 | Druid of the Talon |
| 21:13 | Ancient Protector |
| 21:39 | Wisp |
| 21:39 | Wisp |
| 21:40 | Wisp |
| 21:55 | Ancient Protector |
| 22:03 | Ancient Protector |
| 22:10 | Ancient Protector |
| 22:14 | Ancient Protector |
| 22:19 | Ancient Protector |
| 22:29 | Wisp |
| 22:29 | Wisp |
| 23:50 | Shadow Strike |
| 25:11 | Wisp |
| 25:11 | Wisp |
| 25:11 | Wisp |
| 25:12 | Wisp |
| 25:15 | Wisp |
| 25:15 | Wisp |
| 25:16 | Wisp |
| 25:36 | Ancient of Wonders |
| 26:18 | Chimaera Roost |
| 26:20 | Chimaera Roost |
| 26:25 | Wisp |
| 26:25 | Wisp |
| 26:25 | Wisp |
| 26:43 | Chimaera Roost |
| 27:16 | Wisp |
| 27:16 | Wisp |
| 27:16 | Wisp |
| 27:17 | Wisp |
| 28:24 | Chimaera |
| 29:17 | Chimaera |
| 29:40 | Fan of Knives |
| 30:28 | Chimaera |
| 30:34 | Corrosive Breath |
| 31:15 | Strength of the Wild |
| 31:19 | Chimaera |
| 31:43 | Wisp |
| 31:44 | Wisp |
| 31:44 | Wisp |
| 32:01 | Glaive Thrower |
| 32:34 | Glaive Thrower |
| 33:37 | Moon Well |
| 33:54 | Trueshot Aura |
| 35:26 | Chimaera |
| 36:12 | Chimaera |
| 36:21 | Glaive Thrower |
| 37:15 | Chimaera |
| 38:02 | Chimaera |
| 38:59 | Improved Strength of the Wild |
| 45:09 | Chimaera |
| 46:45 | Chimaera |
| Right click | 2314 |
| Select | 841 |
| Misc. action | 148 |
| Build/train/purchase | 122 |
| Use ability | 44 |
| Resource trade | 6 |
| Minimap ping | 5 |
| Select group | 2 |
| Assign group | 1 |

| Orb of Lightning | 1 | 375 |
| Healing Salve | 1 | 100 |
| Scroll of Town Portal | 1 | 350 |
| total: | 3 | 825g |
| Peon | 12 | 900 | / | 0 |
| Grunt | 9 | 1800 | / | 0 |
| Demolisher | 5 | 1100 | / | 250 |
| Shaman | 7 | 910 | / | 140 |
| Raider | 20 | 3600 | / | 800 |
| Kodo Beast | 1 | 255 | / | 60 |
| Troll Witch Doctor | 4 | 580 | / | 100 |
| total: | 58 | 9145g | / | 1350w |
| Watch Tower | 11 | 1210 | / | 880 |
| Barracks | 1 | 180 | / | 50 |
| Orc Burrow | 9 | 1440 | / | 360 |
| Altar of Storms | 1 | 180 | / | 50 |
| Voodoo Lounge | 2 | 260 | / | 60 |
| War Mill | 1 | 205 | / | 0 |
| Great Hall | 1 | 385 | / | 185 |
| Spirit Lodge | 1 | 150 | / | 150 |
| Beastiary | 2 | 290 | / | 280 |
| Stronghold | 1 | 315 | / | 190 |
| Fortress | 1 | 325 | / | 190 |
| total: | 29 | 4300g | / | 2015w |
| 0:03 | Peon |
| 0:10 | Barracks |
| 0:13 | Orc Burrow |
| 0:15 | Peon |
| 0:18 | Peon |
| 0:35 | Peon |
| 1:10 | Altar of Storms |
| 1:14 | Grunt |
| 1:24 | Orc Burrow |
| 1:42 | Grunt |
| 2:23 | Orc Burrow |
| 2:27 | Grunt |
| 2:40 | Peon |
| 3:02 | Grunt |
| 3:09 | Feral Spirit |
| 3:43 | Grunt |
| 3:49 | Stronghold |
| 3:52 | Voodoo Lounge |
| 4:22 | Voodoo Lounge |
| 4:27 | War Mill |
| 5:15 | Grunt |
| 5:17 | Grunt |
| 6:23 | Demolisher |
| 6:25 | Demolisher |
| 6:34 | Spirit Lodge |
| 6:39 | Chain Lighting |
| 7:27 | Watch Tower |
| 7:35 | Grunt |
| 7:43 | Peon |
| 7:43 | Peon |
| 7:43 | Peon |
| 7:56 | Shaman Adept Training |
| 8:12 | Orc Burrow |
| 8:27 | Watch Tower |
| 8:46 | Steel Melee Weapons |
| 8:46 | Steel Armor |
| 8:53 | Grunt |
| 9:09 | Beastiary |
| 9:12 | Shaman |
| 9:30 | Peon |
| 9:30 | Peon |
| 10:03 | Beastiary |
| 12:16 | Raider |
| 12:52 | Ensnare |
| 12:58 | Raider |
| 13:33 | Orc Burrow |
| 13:36 | Orc Burrow |
| 14:25 | Watch Tower |
| 14:29 | Watch Tower |
| 14:31 | Reinforced Defenses |
| 14:37 | Raider |
| 14:51 | Watch Tower |
| 14:54 | Orc Burrow |
| 15:16 | Spiked Barricades |
| 15:41 | Demolisher |
| 16:28 | Raider |
| 17:24 | Raider |
| 17:25 | Raider |
| 18:28 | Raider |
| 18:36 | Watch Tower |
| 19:29 | Shaman |
| 19:30 | Shaman |
| 19:33 | Fortress |
| 19:37 | Feral Spirit |
| 20:10 | Great Hall |
| 20:15 | Watch Tower |
| 21:36 | Watch Tower |
| 21:44 | Watch Tower |
| 21:45 | Watch Tower |
| 22:11 | Orc Burrow |
| 22:15 | Shaman Master Training |
| 22:32 | Orc Burrow |
| 22:47 | Shaman |
| 22:49 | Shaman |
| 22:54 | Peon |
| 22:54 | Peon |
| 23:53 | Improved Spiked Barricades |
| 24:24 | Kodo Beast |
| 24:27 | War Drums Damage Increase |
| 25:45 | Troll Witch Doctor |
| 25:49 | Troll Witch Doctor |
| 25:52 | Witch Doctor Adept Training |
| 25:56 | Raider |
| 26:33 | Thorium Melee Weapons |
| 28:32 | Watch Tower |
| 28:38 | Arcanite Melee Weapons |
| 30:09 | Raider |
| 30:10 | Raider |
| 30:10 | Raider |
| 30:10 | Raider |
| 30:56 | Witch Doctor Master Training |
| 31:14 | Chain Lighting |
| 31:33 | Demolisher |
| 31:34 | Demolisher |
| 31:37 | Burning Oil |
| 31:50 | Thorium Armor |
| 34:29 | Troll Witch Doctor |
| 34:30 | Troll Witch Doctor |
| 34:31 | Shaman |
| 34:31 | Shaman |
| 34:35 | Raider |
| 34:36 | Raider |
| 34:37 | Raider |
| 36:40 | Raider |
| 36:40 | Raider |
| 36:42 | Raider |
| 37:27 | Raider |
| 37:28 | Raider |
| 44:04 | Scroll of Town Portal |
| 44:09 | Orb of Lightning |
| 44:12 | Healing Salve |
| Right click | 1853 |
| Select group | 1101 |
| Select | 569 |
| Build/train/purchase | 106 |
| Use ability | 89 |
| Misc. action | 41 |
| Assign group | 38 |
| Chat | 6 |
| Remove unit | 3 |
| Minimap ping | 3 |



| Scroll of Regeneration | 2 | 200 |
| Lesser Clarity Potion | 1 | 70 |
| Ivory Tower | 2 | 80 |
| Staff of Sanctuary | 2 | 500 |
| Scroll of Town Portal | 1 | 350 |
| Staff of Teleportation | 2 | 300 |
| total: | 10 | 1500g |
| Peasant | 16 | 1200 | / | 0 |
| Rifleman | 10 | 2050 | / | 300 |
| Priest | 5 | 675 | / | 50 |
| Mortar Team | 6 | 1080 | / | 420 |
| Sorceress | 2 | 310 | / | 40 |
| Dragonhawk Rider | 5 | 1000 | / | 150 |
| Knight | 2 | 490 | / | 120 |
| total: | 46 | 6805g | / | 1080w |
| Scout Tower | 49 | 1470 | / | 980 |
| Arcane Tower | 13 | 910 | / | 650 |
| Guard Tower | 18 | 1260 | / | 900 |
| Blacksmith | 1 | 140 | / | 60 |
| Barracks | 1 | 160 | / | 60 |
| Altar of Kings | 1 | 180 | / | 50 |
| Farm | 10 | 800 | / | 200 |
| Lumber Mill | 2 | 240 | / | 0 |
| Arcane Vault | 1 | 130 | / | 30 |
| Town Hall | 3 | 1155 | / | 615 |
| Cannon Tower | 1 | 120 | / | 100 |
| Arcane Sanctum | 1 | 150 | / | 140 |
| Workshop | 5 | 700 | / | 700 |
| Gryphon Aviary | 2 | 280 | / | 300 |
| Keep | 1 | 320 | / | 210 |
| Castle | 1 | 360 | / | 210 |
| total: | 76 | 5405g | / | 3135w |
| 0:03 | Peasant |
| 0:03 | Peasant |
| 0:16 | Peasant |
| 0:32 | Peasant |
| 0:35 | Blacksmith |
| 0:39 | Peasant |
| 0:50 | Barracks |
| 0:58 | Peasant |
| 1:06 | Altar of Kings |
| 1:10 | Peasant |
| 1:20 | Farm |
| 1:24 | Peasant |
| 1:48 | Farm |
| 1:53 | Peasant |
| 2:04 | Rifleman |
| 2:13 | Farm |
| 2:22 | Rifleman |
| 2:28 | Scout Tower |
| 2:48 | Rifleman |
| 2:50 | Farm |
| 2:58 | Arcane Tower |
| 3:01 | Farm |
| 3:18 | Storm Bolt |
| 3:27 | Rifleman |
| 3:31 | Scout Tower |
| 3:42 | Rifleman |
| 3:57 | Black Gunpowder |
| 4:16 | Arcane Tower |
| 4:27 | Lumber Mill |
| 5:11 | Keep |
| 5:32 | Rifleman |
| 5:32 | Studded Leather Armor |
| 6:47 | Arcane Vault |
| 6:55 | Improved Masonry |
| 6:58 | Scout Tower |
| 7:23 | Scroll of Regeneration |
| 7:25 | Lesser Clarity Potion |
| 7:27 | Scroll of Regeneration |
| 7:42 | Farm |
| 7:46 | Long Rifles |
| 7:50 | Arcane Sanctum |
| 7:54 | Peasant |
| 8:15 | Bash |
| 8:42 | Magic Sentry |
| 8:42 | Priest |
| 8:52 | Siphon Mana |
| 9:00 | Priest Adept Training |
| 9:01 | Priest |
| 9:03 | Guard Tower |
| 9:07 | Scout Tower |
| 9:08 | Scout Tower |
| 9:11 | Scout Tower |
| 9:12 | Town Hall |
| 9:33 | Peasant |
| 9:34 | Peasant |
| 9:37 | Farm |
| 9:39 | Guard Tower |
| 9:42 | Guard Tower |
| 9:54 | Arcane Tower |
| 9:55 | Guard Tower |
| 10:19 | Scout Tower |
| 11:21 | Arcane Tower |
| 12:02 | Scout Tower |
| 12:27 | Rifleman |
| 12:27 | Rifleman |
| 12:30 | Arcane Tower |
| 12:31 | Scout Tower |
| 12:57 | Guard Tower |
| 12:58 | Workshop |
| 13:05 | Rifleman |
| 13:06 | Rifleman |
| 13:08 | Peasant |
| 13:08 | Peasant |
| 13:12 | Scroll of Town Portal |
| 13:12 | Ivory Tower |
| 13:12 | Ivory Tower |
| 13:16 | Farm |
| 13:16 | Farm |
| 13:18 | Scout Tower |
| 13:19 | Scout Tower |
| 13:21 | Scout Tower |
| 13:54 | Priest |
| 14:00 | Mortar Team |
| 14:03 | Scout Tower |
| 14:10 | Mortar Team |
| 14:12 | Refined Gunpowder |
| 14:14 | Priest |
| 14:21 | Advanced Masonry |
| 14:30 | Cannon Tower |
| 15:05 | Priest |
| 15:05 | Sorceress |
| 15:07 | Sorceress |
| 15:31 | Storm Bolt |
| 15:53 | Mortar Team |
| 15:58 | Flare |
| 16:24 | Guard Tower |
| 16:48 | Peasant |
| 16:48 | Peasant |
| 16:49 | Improved Lumber Harvesting |
| 16:55 | Gryphon Aviary |
| 16:57 | Gryphon Aviary |
| 17:23 | Sorceress Adept Training |
| 19:11 | Castle |
| 19:40 | Reinforced Leather Armor |
| 20:32 | Banish |
| 20:43 | Guard Tower |
| 20:51 | Lumber Mill |
| 20:53 | Farm |
| 22:21 | Scout Tower |
| 22:23 | Scout Tower |
| 22:24 | Scout Tower |
| 22:24 | Guard Tower |
| 22:25 | Scout Tower |
| 22:33 | Town Hall |
| 22:40 | Workshop |
| 22:43 | Workshop |
| 22:47 | Workshop |
| 22:49 | Scout Tower |
| 22:49 | Scout Tower |
| 22:53 | Workshop |
| 22:58 | Guard Tower |
| 23:02 | Scout Tower |
| 23:03 | Scout Tower |
| 23:06 | Scout Tower |
| 23:16 | Scout Tower |
| 23:17 | Scout Tower |
| 23:29 | Guard Tower |
| 23:33 | Imbued Masonry |
| 24:22 | Guard Tower |
| 24:29 | Guard Tower |
| 24:30 | Scout Tower |
| 24:31 | Scout Tower |
| 24:45 | Cloud |
| 24:46 | Storm Hammers |
| 25:38 | Guard Tower |
| 25:42 | Scout Tower |
| 25:42 | Scout Tower |
| 25:43 | Scout Tower |
| 25:57 | Siphon Mana |
| 25:58 | Bash |
| 26:08 | Scout Tower |
| 26:09 | Scout Tower |
| 26:10 | Scout Tower |
| 26:11 | Scout Tower |
| 26:15 | Scout Tower |
| 26:16 | Scout Tower |
| 26:18 | Advanced Lumber Harvesting |
| 26:35 | Arcane Tower |
| 26:44 | Dragonhawk Rider |
| 26:45 | Dragonhawk Rider |
| 26:51 | Fragmentation Shards |
| 26:54 | Arcane Tower |
| 27:20 | Scout Tower |
| 27:22 | Scout Tower |
| 27:25 | Scout Tower |
| 27:28 | Scout Tower |
| 28:32 | Arcane Tower |
| 29:38 | Dragonhawk Rider |
| 29:38 | Dragonhawk Rider |
| 31:41 | Town Hall |
| 31:46 | Scout Tower |
| 31:49 | Scout Tower |
| 31:55 | Scout Tower |
| 31:58 | Scout Tower |
| 32:02 | Scout Tower |
| 32:07 | Arcane Tower |
| 34:02 | Knight |
| 34:09 | Dragonhawk Rider |
| 34:38 | Guard Tower |
| 35:45 | Guard Tower |
| 35:48 | Scout Tower |
| 35:48 | Scout Tower |
| 35:49 | Scout Tower |
| 35:51 | Scout Tower |
| 35:52 | Scout Tower |
| 36:23 | Guard Tower |
| 36:47 | Guard Tower |
| 36:58 | Arcane Tower |
| 37:08 | Arcane Tower |
| 37:11 | Arcane Tower |
| 38:03 | Staff of Sanctuary |
| 38:19 | Guard Tower |
| 38:47 | Holy Light |
| 38:50 | Staff of Teleportation |
| 39:11 | Knight |
| 42:11 | Staff of Teleportation |
| 42:14 | Staff of Sanctuary |
| 43:14 | Mortar Team |
| 45:53 | Mortar Team |
| 45:54 | Mortar Team |
| Select group | 3948 |
| Right click | 3295 |
| Select | 636 |
| Build/train/purchase | 245 |
| Use ability | 159 |
| Misc. action | 148 |
| Assign group | 60 |
| Resource trade | 48 |
| Chat | 11 |
| Minimap ping | 8 |
| Esc | 5 |
| Item give/drop | 2 |
| Remove unit | 1 |
96 units @ 11.9k
/ 1.8k
189 buildings @ 17.1k
/ 9.6k
⇛
TIMG4STRok
(48:26) : 

| Healing Salve | 3 | 300 |
| Lesser Clarity Potion | 6 | 420 |
| Orb of Lightning | 2 | 750 |
| Staff of Teleportation | 2 | 300 |
| Boots of Speed | 2 | 500 |
| Circlet of Nobility | 1 | 175 |
| Staff of Sanctuary | 2 | 500 |
| total: | 18 | 2945g |
| Peon | 14 | 1050 | / | 0 |
| Troll Batrider | 33 | 5280 | / | 1320 |
| total: | 47 | 6330g | / | 1320w |
| Watch Tower | 35 | 3850 | / | 2800 |
| Altar of Storms | 1 | 180 | / | 50 |
| Orc Burrow | 5 | 800 | / | 200 |
| Voodoo Lounge | 4 | 520 | / | 120 |
| War Mill | 1 | 205 | / | 0 |
| Great Hall | 1 | 385 | / | 185 |
| Barracks | 1 | 180 | / | 50 |
| Beastiary | 1 | 145 | / | 140 |
| Stronghold | 1 | 315 | / | 190 |
| Fortress | 1 | 325 | / | 190 |
| total: | 49 | 6265g | / | 3545w |
| 0:04 | Peon |
| 0:04 | Peon |
| 0:07 | Altar of Storms |
| 0:21 | Orc Burrow |
| 0:33 | Peon |
| 0:51 | Voodoo Lounge |
| 0:56 | Peon |
| 1:04 | War Mill |
| 1:15 | Peon |
| 1:29 | Peon |
| 1:41 | Peon |
| 1:50 | Orc Burrow |
| 1:56 | Peon |
| 2:08 | Wind Walk |
| 2:14 | Orc Burrow |
| 2:17 | Healing Salve |
| 2:17 | Lesser Clarity Potion |
| 2:21 | Peon |
| 2:22 | Peon |
| 2:32 | Watch Tower |
| 2:39 | Watch Tower |
| 2:44 | Peon |
| 2:52 | Peon |
| 3:11 | Peon |
| 3:43 | Staff of Teleportation |
| 3:43 | Boots of Speed |
| 3:48 | Peon |
| 4:05 | Stronghold |
| 4:08 | Spiked Barricades |
| 4:22 | Watch Tower |
| 4:25 | Watch Tower |
| 5:07 | Watch Tower |
| 5:09 | Watch Tower |
| 5:18 | Watch Tower |
| 5:18 | Watch Tower |
| 5:53 | Watch Tower |
| 5:54 | Watch Tower |
| 6:23 | Lesser Clarity Potion |
| 6:34 | Fortress |
| 6:45 | Critical Strike |
| 7:50 | Beastiary |
| 8:10 | Hex |
| 8:46 | Watch Tower |
| 8:47 | Watch Tower |
| 9:03 | Voodoo Lounge |
| 9:05 | Watch Tower |
| 9:10 | Wind Walk |
| 9:39 | Circlet of Nobility |
| 9:47 | Troll Batrider |
| 9:49 | Orc Burrow |
| 9:51 | Watch Tower |
| 9:51 | Watch Tower |
| 9:58 | Orb of Lightning |
| 9:58 | Healing Salve |
| 9:59 | Lesser Clarity Potion |
| 10:10 | Voodoo Lounge |
| 10:51 | Liquid Fire |
| 10:55 | Troll Batrider |
| 10:55 | Troll Batrider |
| 10:58 | Steel Ranged Weapons |
| 11:44 | Troll Batrider |
| 11:46 | Orc Burrow |
| 11:50 | Steel Armor |
| 11:51 | Watch Tower |
| 12:23 | Voodoo Lounge |
| 12:25 | Staff of Teleportation |
| 12:32 | Boots of Speed |
| 13:14 | Orb of Lightning |
| 13:23 | Troll Batrider |
| 14:04 | Healing Wave |
| 14:09 | Great Hall |
| 14:15 | Watch Tower |
| 14:33 | Troll Batrider |
| 14:36 | Thorium Ranged Weapons |
| 14:56 | Barracks |
| 14:58 | Thorium Armor |
| 15:18 | Watch Tower |
| 15:18 | Watch Tower |
| 15:19 | Watch Tower |
| 15:20 | Watch Tower |
| 15:21 | Watch Tower |
| 15:21 | Watch Tower |
| 15:51 | Lesser Clarity Potion |
| 15:54 | Healing Salve |
| 16:09 | Troll Regeneration |
| 16:12 | Troll Batrider |
| 16:48 | Critical Strike |
| 16:51 | Healing Wave |
| 17:41 | Lesser Clarity Potion |
| 17:53 | Staff of Sanctuary |
| 18:33 | Troll Batrider |
| 18:33 | Troll Batrider |
| 18:33 | Troll Batrider |
| 19:11 | Arcanite Ranged Weapons |
| 19:12 | Arcanite Armor |
| 19:19 | Troll Batrider |
| 19:27 | Lesser Clarity Potion |
| 19:30 | Staff of Sanctuary |
| 22:06 | Troll Batrider |
| 22:06 | Troll Batrider |
| 22:31 | Reinforced Defenses |
| 30:04 | Hex |
| 30:29 | Troll Batrider |
| 30:29 | Troll Batrider |
| 30:29 | Troll Batrider |
| 30:29 | Troll Batrider |
| 30:29 | Troll Batrider |
| 30:29 | Troll Batrider |
| 30:30 | Troll Batrider |
| 31:06 | Watch Tower |
| 31:07 | Watch Tower |
| 31:07 | Watch Tower |
| 31:08 | Watch Tower |
| 31:09 | Watch Tower |
| 31:09 | Watch Tower |
| 31:09 | Watch Tower |
| 31:10 | Watch Tower |
| 31:12 | Watch Tower |
| 31:14 | Watch Tower |
| 31:15 | Watch Tower |
| 31:16 | Watch Tower |
| 32:26 | Wind Walk |
| 34:25 | Troll Batrider |
| 34:26 | Troll Batrider |
| 34:26 | Troll Batrider |
| 34:26 | Troll Batrider |
| 34:36 | Troll Batrider |
| 35:00 | Healing Wave |
| 36:53 | Troll Batrider |
| 36:53 | Troll Batrider |
| 36:53 | Troll Batrider |
| 36:54 | Troll Batrider |
| 43:55 | Bladestorm |
| 44:51 | Troll Batrider |
| 44:52 | Troll Batrider |
| 44:52 | Troll Batrider |
| 44:52 | Troll Batrider |
| 47:53 | Big Bad Voodoo |
| Right click | 4551 |
| Select group | 2581 |
| Select | 381 |
| Build/train/purchase | 188 |
| Use ability | 178 |
| Minimap ping | 74 |
| Assign group | 29 |
| Misc. action | 28 |
| Chat | 23 |
| Resource trade | 13 |
| Item give/drop | 11 |
| Esc | 5 |
BEARAND
(48:26) : 


x1)
| Lesser Clarity Potion | 1 | 70 |
| Staff of Sanctuary | 3 | 750 |
| Boots of Speed | 4 | 1000 |
| Staff of Teleportation | 3 | 450 |
| Tome of Retraining | 1 | 300 |
| Periapt of Vitality | 2 | 650 |
| Healing Salve | 4 | 400 |
| Orb of Lightning | 2 | 750 |
| total: | 20 | 4370g |
| Peasant | 17 | 1275 | / | 0 |
| Priest | 3 | 405 | / | 30 |
| Dragonhawk Rider | 8 | 1600 | / | 240 |
| total: | 28 | 3280g | / | 270w |
| Scout Tower | 76 | 2280 | / | 1520 |
| Arcane Tower | 9 | 630 | / | 450 |
| Guard Tower | 22 | 1540 | / | 1100 |
| Altar of Kings | 1 | 180 | / | 50 |
| Farm | 5 | 400 | / | 100 |
| Lumber Mill | 1 | 120 | / | 0 |
| Town Hall | 1 | 385 | / | 205 |
| Arcane Vault | 4 | 520 | / | 120 |
| Blacksmith | 1 | 140 | / | 60 |
| Barracks | 1 | 160 | / | 60 |
| Arcane Sanctum | 1 | 150 | / | 140 |
| Gryphon Aviary | 1 | 140 | / | 150 |
| Keep | 1 | 320 | / | 210 |
| Castle | 1 | 360 | / | 210 |
| total: | 92 | 4475g | / | 2405w |
| 0:02 | Peasant |
| 0:02 | Peasant |
| 0:06 | Altar of Kings |
| 0:19 | Farm |
| 0:22 | Peasant |
| 0:23 | Peasant |
| 0:51 | Peasant |
| 0:56 | Farm |
| 0:58 | Scout Tower |
| 1:03 | Lumber Mill |
| 1:13 | Peasant |
| 1:22 | Peasant |
| 1:31 | Scout Tower |
| 1:38 | Arcane Tower |
| 1:43 | Peasant |
| 1:45 | Peasant |
| 1:56 | Peasant |
| 2:02 | Scout Tower |
| 2:03 | Peasant |
| 2:06 | Guard Tower |
| 2:12 | Scout Tower |
| 2:14 | Summon Water Elemental |
| 2:32 | Guard Tower |
| 2:34 | Scout Tower |
| 2:35 | Scout Tower |
| 2:35 | Peasant |
| 2:35 | Peasant |
| 2:36 | Peasant |
| 2:45 | Guard Tower |
| 2:47 | Peasant |
| 2:54 | Improved Masonry |
| 3:00 | Scout Tower |
| 3:02 | Scout Tower |
| 3:03 | Scout Tower |
| 3:32 | Keep |
| 3:44 | Guard Tower |
| 4:00 | Brilliance Aura |
| 4:02 | Farm |
| 4:03 | Scout Tower |
| 4:16 | Guard Tower |
| 4:23 | Boots of Speed |
| 4:48 | Scout Tower |
| 4:55 | Staff of Teleportation |
| 5:03 | Healing Salve |
| 5:23 | Guard Tower |
| 5:24 | Scout Tower |
| 5:24 | Scout Tower |
| 5:25 | Scout Tower |
| 5:25 | Scout Tower |
| 6:49 | Castle |
| 6:51 | Farm |
| 6:51 | Farm |
| 7:21 | Guard Tower |
| 7:42 | Arcane Sanctum |
| 7:53 | Storm Bolt |
| 8:42 | Summon Water Elemental |
| 8:48 | Town Hall |
| 8:53 | Scout Tower |
| 8:54 | Scout Tower |
| 8:54 | Scout Tower |
| 8:54 | Scout Tower |
| 8:55 | Scout Tower |
| 8:55 | Scout Tower |
| 8:56 | Scout Tower |
| 8:56 | Scout Tower |
| 9:03 | Staff of Teleportation |
| 9:14 | Boots of Speed |
| 9:19 | Bash |
| 9:25 | Magic Sentry |
| 9:49 | Guard Tower |
| 10:35 | Guard Tower |
| 10:36 | Peasant |
| 10:36 | Peasant |
| 10:44 | Healing Salve |
| 10:53 | Tome of Retraining |
| 10:53 | Retrain Hero |
| 10:56 | Blizzard |
| 10:56 | Brilliance Aura |
| 10:56 | Blizzard |
| 11:48 | Healing Salve |
| 11:51 | Lesser Clarity Potion |
| 12:03 | Arcane Vault |
| 12:11 | Guard Tower |
| 12:12 | Scout Tower |
| 12:12 | Scout Tower |
| 12:25 | Arcane Vault |
| 12:27 | Arcane Vault |
| 12:29 | Priest Adept Training |
| 12:32 | Holy Light |
| 13:02 | Boots of Speed |
| 13:02 | Staff of Teleportation |
| 13:03 | Boots of Speed |
| 13:03 | Periapt of Vitality |
| 13:39 | Arcane Vault |
| 13:43 | Staff of Sanctuary |
| 13:47 | Guard Tower |
| 13:48 | Scout Tower |
| 13:49 | Scout Tower |
| 13:50 | Scout Tower |
| 13:50 | Scout Tower |
| 13:54 | Scout Tower |
| 13:55 | Scout Tower |
| 13:55 | Scout Tower |
| 13:56 | Scout Tower |
| 13:56 | Scout Tower |
| 13:57 | Scout Tower |
| 13:57 | Scout Tower |
| 14:00 | Scout Tower |
| 14:01 | Scout Tower |
| 14:47 | Blacksmith |
| 14:49 | Gryphon Aviary |
| 14:51 | Barracks |
| 14:53 | Staff of Sanctuary |
| 15:41 | Arcane Tower |
| 15:41 | Arcane Tower |
| 15:41 | Arcane Tower |
| 15:47 | Scout Tower |
| 15:48 | Scout Tower |
| 15:48 | Scout Tower |
| 15:51 | Staff of Sanctuary |
| 16:51 | Arcane Tower |
| 16:51 | Arcane Tower |
| 16:53 | Scout Tower |
| 16:53 | Scout Tower |
| 17:51 | Brilliance Aura |
| 17:57 | Priest |
| 18:00 | Dragonhawk Rider |
| 18:00 | Dragonhawk Rider |
| 18:00 | Dragonhawk Rider |
| 18:00 | Dragonhawk Rider |
| 18:02 | Studded Leather Armor |
| 18:07 | Guard Tower |
| 18:10 | Scout Tower |
| 18:11 | Scout Tower |
| 18:12 | Scout Tower |
| 18:18 | Healing Salve |
| 18:38 | Arcane Tower |
| 18:41 | Scout Tower |
| 18:41 | Scout Tower |
| 18:41 | Scout Tower |
| 18:42 | Scout Tower |
| 18:53 | Guard Tower |
| 18:57 | Animal War Training |
| 18:58 | Scout Tower |
| 18:58 | Scout Tower |
| 18:59 | Scout Tower |
| 18:59 | Scout Tower |
| 19:59 | Storm Bolt |
| 20:09 | Guard Tower |
| 20:45 | Guard Tower |
| 20:56 | Guard Tower |
| 21:00 | Scout Tower |
| 21:01 | Scout Tower |
| 21:01 | Scout Tower |
| 21:01 | Scout Tower |
| 21:37 | Guard Tower |
| 21:44 | Scout Tower |
| 21:47 | Scout Tower |
| 22:36 | Arcane Tower |
| 22:54 | Divine Shield |
| 23:18 | Guard Tower |
| 25:35 | Reinforced Leather Armor |
| 26:29 | Guard Tower |
| 26:34 | Scout Tower |
| 26:35 | Scout Tower |
| 26:38 | Advanced Masonry |
| 27:11 | Priest |
| 27:23 | Priest |
| 27:38 | Guard Tower |
| 27:39 | Scout Tower |
| 27:40 | Scout Tower |
| 27:40 | Scout Tower |
| 28:15 | Imbued Masonry |
| 28:18 | Periapt of Vitality |
| 30:26 | Guard Tower |
| 30:38 | Dragonhawk Rider |
| 30:38 | Dragonhawk Rider |
| 30:38 | Dragonhawk Rider |
| 30:39 | Dragonhawk Rider |
| 31:30 | Holy Light |
| 34:02 | Bash |
| 34:16 | Brilliance Aura |
| 37:40 | Scout Tower |
| 38:36 | Priest Master Training |
| 39:12 | Orb of Lightning |
| 40:01 | Orb of Lightning |
| 43:25 | Divine Shield |
| 45:32 | Guard Tower |
| 45:33 | Scout Tower |
| 45:34 | Scout Tower |
| 45:35 | Scout Tower |
| 45:35 | Scout Tower |
| 45:36 | Scout Tower |
| 45:39 | Scout Tower |
| 45:40 | Scout Tower |
| 45:40 | Scout Tower |
| 45:40 | Scout Tower |
| 45:41 | Scout Tower |
| 46:55 | Storm Bolt |
| 48:13 | Mass Teleport |
| Right click | 4129 |
| Select | 1099 |
| Select group | 807 |
| Build/train/purchase | 216 |
| Use ability | 194 |
| Assign group | 34 |
| Misc. action | 32 |
| Minimap ping | 29 |
| Item give/drop | 14 |
| Chat | 9 |
| Resource trade | 6 |
| Remove unit | 4 |


| Healing Salve | 4 | 400 |
| Orb of Lightning | 2 | 750 |
| Lesser Clarity Potion | 1 | 70 |
| Scroll of Speed | 1 | 50 |
| Boots of Speed | 1 | 250 |
| Staff of Teleportation | 2 | 300 |
| Potion of Lesser Invulnerability | 1 | 150 |
| Staff of Sanctuary | 2 | 500 |
| total: | 14 | 2470g |
| Peon | 16 | 1200 | / | 0 |
| Demolisher | 5 | 1100 | / | 250 |
| total: | 21 | 2300g | / | 250w |
| Watch Tower | 36 | 3960 | / | 2880 |
| Altar of Storms | 1 | 180 | / | 50 |
| Orc Burrow | 5 | 800 | / | 200 |
| War Mill | 1 | 205 | / | 0 |
| Voodoo Lounge | 1 | 130 | / | 30 |
| Barracks | 2 | 360 | / | 100 |
| Great Hall | 2 | 770 | / | 370 |
| Stronghold | 1 | 315 | / | 190 |
| Fortress | 1 | 325 | / | 190 |
| total: | 48 | 6405g | / | 3630w |
| 0:03 | Peon |
| 0:04 | Peon |
| 0:07 | Altar of Storms |
| 0:20 | Orc Burrow |
| 0:34 | Peon |
| 0:38 | War Mill |
| 0:49 | Peon |
| 1:02 | Voodoo Lounge |
| 1:10 | Peon |
| 1:21 | Peon |
| 1:28 | Peon |
| 1:52 | Watch Tower |
| 1:58 | Peon |
| 2:01 | Orc Burrow |
| 2:06 | Peon |
| 2:09 | Wind Walk |
| 2:21 | Peon |
| 2:31 | Watch Tower |
| 2:37 | Peon |
| 2:50 | Peon |
| 2:51 | Peon |
| 3:07 | Watch Tower |
| 3:10 | Healing Salve |
| 3:40 | Stronghold |
| 3:56 | Watch Tower |
| 4:02 | Watch Tower |
| 4:25 | Boots of Speed |
| 4:45 | Watch Tower |
| 4:52 | Watch Tower |
| 5:20 | Watch Tower |
| 5:23 | Watch Tower |
| 6:47 | Watch Tower |
| 6:50 | Peon |
| 6:50 | Peon |
| 6:59 | Hex |
| 7:18 | Watch Tower |
| 7:20 | Watch Tower |
| 7:23 | Watch Tower |
| 7:46 | Watch Tower |
| 7:51 | Orc Burrow |
| 7:55 | Reinforced Defenses |
| 8:24 | Critical Strike |
| 8:42 | Watch Tower |
| 8:49 | Watch Tower |
| 9:30 | Fortress |
| 9:39 | Healing Salve |
| 10:03 | Watch Tower |
| 10:05 | Watch Tower |
| 11:24 | Healing Salve |
| 11:40 | Healing Wave |
| 12:14 | Barracks |
| 12:16 | Barracks |
| 12:38 | Watch Tower |
| 12:48 | Healing Salve |
| 12:50 | Watch Tower |
| 13:05 | Steel Ranged Weapons |
| 13:16 | Burning Oil |
| 13:23 | Orc Burrow |
| 13:32 | Watch Tower |
| 13:41 | Demolisher |
| 13:43 | Demolisher |
| 14:12 | Demolisher |
| 14:14 | Orc Burrow |
| 14:25 | Demolisher |
| 15:52 | Demolisher |
| 15:55 | Thorium Ranged Weapons |
| 17:49 | Wind Walk |
| 19:25 | Great Hall |
| 19:30 | Great Hall |
| 20:56 | Watch Tower |
| 21:28 | Watch Tower |
| 21:30 | Watch Tower |
| 21:44 | Watch Tower |
| 22:02 | Orb of Lightning |
| 22:08 | Staff of Sanctuary |
| 22:27 | Healing Wave |
| 22:33 | Watch Tower |
| 22:34 | Watch Tower |
| 22:37 | Watch Tower |
| 23:06 | Watch Tower |
| 23:21 | Peon |
| 24:03 | Watch Tower |
| 24:04 | Watch Tower |
| 24:05 | Watch Tower |
| 24:17 | Watch Tower |
| 24:39 | Arcanite Ranged Weapons |
| 24:39 | Spiked Barricades |
| 24:58 | Orb of Lightning |
| 25:00 | Staff of Sanctuary |
| 25:09 | Watch Tower |
| 25:11 | Watch Tower |
| 25:16 | Staff of Teleportation |
| 26:15 | Watch Tower |
| 26:21 | Staff of Teleportation |
| 26:26 | Potion of Lesser Invulnerability |
| 27:13 | Improved Spiked Barricades |
| 30:23 | Critical Strike |
| 30:59 | Lesser Clarity Potion |
| 37:19 | Steel Armor |
| 38:30 | Scroll of Speed |
| 44:07 | Critical Strike |
| 46:43 | Hex |
| Right click | 3913 |
| Select | 647 |
| Select group | 624 |
| Misc. action | 180 |
| Build/train/purchase | 127 |
| Use ability | 81 |
| Assign group | 9 |
| Chat | 6 |
| Resource trade | 5 |
| Item give/drop | 3 |
| Esc | 3 |